 Dungeon Crawl Stone Soup version 0.28.0-45-g0d030f2227 (webtiles) character file.

Game seed: 6840220505577501535

35 nickcage the Firebug (level 3, -5/19 HPs)
             Began as a Deep Elf Fire Elementalist on Apr 13, 2022.
             Slain by a scorpion (6 damage)
             ... on level 2 of the Dungeon.
             The game lasted 00:02:47 (1059 turns).

nickcage the Firebug (Deep Elf Fire Elementalist)   Turns: 1059, Time: 00:02:47

Health: -5/19      AC:  3    Str:  5    XL:     3   Next: 16%
Magic:  1/9        EV: 12    Int: 21    God:
Gold:   30         SH:  0    Dex: 15    Spells: 5/8 levels left

rFire   . . .      SeeInvis .   d - +0 whip
rCold   . . .      Faith    .   (no shield)
rNeg    . . .      Spirit   .   a - +0 robe
rPois   .          Reflect  .   (no helmet)
rElec   .          Harm     .   e - +0 cloak
rCorr   .          Rampage  .   (no gloves)
Will    .....                   (no boots)
Stlth   ++........              (no amulet)
HPRegen 0.06/turn               (no ring)
MPRegen 0.11/turn               (no ring)

@: lethally poisoned (-5 -> -12)
A: no striking features
a: no special abilities


You were on level 2 of the Dungeon.
You visited 1 branch of the dungeon, and saw 2 of its levels.

You collected 30 gold pieces.

Inventory:

Hand Weapons
 c - a +0 hand axe
 d - a +0 whip (weapon)
Armour
 a - a +0 robe (worn)
 e - a +0 cloak (worn)
Jewellery
 g - a +6 ring of dexterity
Scrolls
 f - 2 scrolls of fear {unknown}
Potions
 b - a potion of lignification {unknown}


   Skills:
 - Level 2.4 Dodging
 - Level 2.4 Stealth
 - Level 3.0 Spellcasting
 + Level 1.2 Conjurations
 + Level 4.7 Fire Magic


You had 5 spell levels left.
You knew the following spells:

 Your Spells              Type           Power      Damage    Failure   Level
a - Foxfire               Conj/Fire      60%        2x1d7     4%          1
b - Scorch                Fire           46%        2d7       2%          2

Your spell library contained the following spells:

 Spells                   Type           Power      Damage    Failure   Level
 Conjure Flame            Conj/Fire      15%        6-21      12%         3
 Inner Flame              Hex/Fire       13%        N/A       16%         3
 Flame Wave               Conj/Fire      15%        2d6       36%         4


Dungeon Overview and Level Annotations

Branches:
Dungeon (2/15)

Altars:


Message History

An adder comes into view.
Flames lash the goblin.
You kill the goblin!
The adder hisses angrily.
Flames lash the adder.
You kill the adder!
You have reached level 3!
Your experience leads to an increase in your attributes!
Increase (S)trength, (I)ntelligence, or (D)exterity?
You feel clever. x2
Magic restored.
Found a stone staircase leading up.
Found an escape hatch in the ceiling.
No target in view!
A hobgoblin comes into view. It is wielding a +0 dire flail.
A hobgoblin is nearby!
Flames lash the scorpion.
The scorpion is moderately wounded.
The scorpion's fire resistance burns away.
Flames lash the endoplasm.
The endoplasm is almost dead.
The endoplasm's fire resistance burns away.
The scorpion stings you.
You are poisoned.
The scorpion poisons you!
Flames lash the scorpion.
The scorpion is burned terribly!
The scorpion is almost dead.
You feel very sick.
The scorpion stings you but does no damage.
You feel very sick. The scorpion stings you!
* * * LOW HITPOINT WARNING * * *
You are too injured to fight recklessly!
Casting: Scorch (safe; 2% risk of failure)
Press: ? - help, Q - select action, (/) - cycle Dir - look around, f - activate Flames lash the endoplasm.
The endoplasm is burned terribly!
You kill the endoplasm!
* * * LOW HITPOINT WARNING * * *
You feel sick. The scorpion stings you.
You die...

#....<... #.#######
############ #..........#
########.#######.##
.........# #.#
.........#######.##.#....#
.........s@....#.##.#.#..#
.....<..g#####.#.#.......#
....####.# #.#.#..#.#..#.
....####.#####.#.#.........
............##.#.#.........
## .........##.#.#.........
.......<.##.#.#.........
..r......##.#....######.
.........##.####.#######


You could see a scorpion (combustible) and a hobgoblin.

Vanquished Creatures
  An adder (D:2)
  A dart slug (D:1)
  2 ball pythons
  6 endoplasms
  A giant cockroach (D:2)
  5 goblins
  A hobgoblin (D:1)
  A kobold (D:1)
  A quokka (D:1)
19 creatures vanquished.

Vanquished Creatures (others)
  15 foxfires (D:1)
15 creatures vanquished.

Grand Total: 34 creatures vanquished

Notes
Turn   | Place    | Note
-------+----------+-------------------------------------------
     0 | D:1      | nickcage the Deep Elf Fire Elementalist began the quest for
                  | the Orb.
     0 | D:1      | Reached XP level 1. HP: 10/10 MP: 6/6
   345 | D:1      | Reached XP level 2. HP: 15/15 MP: 6/8
   348 | D:1      | Learned a level 2 spell: Scorch
   353 | D:1      | Reached skill level 4 in Fire Magic
   814 | D:2      | Noticed a scorpion
   944 | D:2      | Reached XP level 3. HP: 19/19 MP: 2/9
  1059 | D:2      | Slain by a scorpion

Illustrated notes

Levels and vault maps discovered:
D:1:      tarquinn_simple_flora_water_c, layout_rooms
D:2:      layout_basic, st_stairs_9, grunt_decor_cap

Skill      XL: |  1  2 |
---------------+-------+-----
Fire Magic     | 4 |  4.7
Dodging        | |  2.4
Stealth        | |  2.4
Spellcasting   | |  3.0
Conjurations   | |  1.2

Action                   || total
-------------------------++-------
Melee: Unarmed           ||     1
 Cast: Foxfire           ||     9
       Scorch            ||    17
Armor: Robe              ||     3
Dodge: Dodged            ||     3
